 Dungeon Crawl Stone Soup version 0.19.1 (webtiles) character file.

6190 lorenzova the Thaumaturge (level 10, -4/50 HPs)
             Began as a Deep Elf Conjurer on Nov 30, 2016.
             Was an Initiate of Vehumet.
             Killed from afar by a gargoyle (14 damage)
             ... with a stone arrow
             ... on level 13 of the Dungeon.
             The game lasted 00:26:16 (11057 turns).

lorenzova the Thaumaturge (Deep Elf Conjurer)      Turns: 11057, Time: 00:26:19

Health: -4/50      AC:  7    Str:  5    XL:     10   Next: 60%
Magic:  0/29       EV: 12    Int: 24    God:    Vehumet [......]
Gold:   179        SH:  0    Dex: 18    Spells: 3 memorised, 25 levels left

rFire  . . .     SeeInvis .     o - +1 dagger (venom)
rCold  . . .     Gourm    .     p - +2 leather armour {rPois}
rNeg   . . .     Faith    .     (no shield)
rPois  +         Spirit   +     (no helmet)
rElec  .         Reflect  .     M - +1 cloak
rCorr  .         Harm     .     (no gloves)
MR     +....                    (no boots)
Stlth  +++.......               s - amulet of guardian spirit
                                t - ring of stealth
                                n - +3 ring of dexterity

@: about to teleport
A: no striking features
a: Renounce Religion


You were on level 13 of the Dungeon.
You worshipped Vehumet.
Vehumet was noncommittal.
You were near starving.

You visited 2 branches of the dungeon, and saw 12 of its levels.
You also visited: Sewer and Ossuary.

You collected 392 gold pieces.
You spent 213 gold pieces at shops.

Inventory:

Hand Weapons
 o - a +1 dagger of venom (weapon)
 N - a +0 mace of protection
Armour
 a - a +0 robe
 p - a +2 leather armour of poison resistance (worn)
 M - a +1 cloak (worn)
 R - the +0 robe of the Disturbing Runes {rC+ MR+ Dex+2}
   (You bought it in a shop on level 8 of the Dungeon)

   It affects your dexterity (+2).
   It protects you from cold.
   It affects your resistance to hostile enchantments.
Magical Staves
 g - an uncursed staff of summoning
Jewellery
 n - a +3 ring of dexterity (left hand)
 s - an amulet of guardian spirit (around neck)
 t - a ring of stealth (right hand)
 F - an uncursed ring of positive energy
 O - an uncursed ring of fire
Wands
 r - a wand of polymorph (10/24)
 D - a wand of flame (11/48)
Scrolls
 i - a scroll of noise {unknown}
 j - 3 scrolls of magic mapping {unknown}
 l - 2 scrolls of remove curse
 q - 2 scrolls of fear {unknown}
 v - 6 scrolls of teleportation
 C - a scroll of immolation {unknown}
 E - 2 scrolls of identify
 G - 2 scrolls of random uselessness {unknown}
 H - 2 scrolls of holy word {unknown}
 J - a scroll of blinking {unknown}
 Q - a scroll of enchant armour {unknown}
Potions
 d - 6 potions of lignification
 e - 2 potions of flight
 f - 4 potions of curing {unknown}
 h - 3 potions of cure mutation {unknown}
 k - a potion of berserk rage {unknown}
 m - 3 potions of heal wounds {unknown}
 u - 2 potions of might {unknown}
 z - a potion of haste {unknown}
 B - 2 potions of agility
 I - a potion of ambrosia {unknown}
 K - 2 potions of mutation {unknown}
 L - a potion of resistance {unknown}
 P - a potion of cancellation {unknown}
Books
 b - a book of Conjurations

   Spells                             Type                      Level
   a - Magic Dart                     Conjuration                  1
   b - Searing Ray                    Conjuration                  2
   c - Dazzling Spray                 Conjuration/Hexes            3
   d - Fulminant Prism                Conjuration/Hexes            4
   e - Iskenderun's Mystic Blast      Conjuration                  4
   f - Iskenderun's Battlesphere      Conjuration/Charms           5
 y - a book of Changes

   Spells                             Type                      Level
   a - Beastly Appendage              Transmutation                1
   b - Sticks to Snakes               Transmutation                2
   c - Spider Form                    Transmutation/Poison         3
   d - Ice Form                       Ice/Transmutation            4
   e - Blade Hands                    Transmutation                5
Comestibles
 c - 2 bread rations
 x - 3 beef jerkies
 A - 6 meat rations
 S - 3 fruits


   Skills:
 - Level 2.4 Dodging
 - Level 2.4 Stealth
 * Level 13.4 Spellcasting
 * Level 12.0 Conjurations
 + Level 9.1 Charms


You had 25 spell levels left.
You knew the following spells:

 Your Spells              Type           Power        Failure   Level  Hunger
a - Magic Dart            Conj           ####         1%          1    None
b - Iskenderun's Battles  Conj/Chrm      ######..     2%          5    ###....
c - Iskenderun's Mystic   Conj           ######..     1%          4    None


Dungeon Overview and Level Annotations

Branches:
Dungeon (13/15)            Temple (1/1) D:7             Orc (0/2) D:12
   Lair: D:8-11      Vaults: D:13-14

Altars:
Ashenzari
Cheibriados
Dithmenos
Elyvilon
Hepliaklqana
Kikubaaqudgha
Makhleb
Okawaru
Uskayaw
Vehumet
Xom
Yredelemnul
Zin

Shops:
D:6 !   D:8 *


Message History

The troll is lightly wounded.
Your battlesphere expends the last of its energy and dissipates.
Something hits you but does no damage. Something bites you.
Something draws strength from your injuries!
Found a stone staircase leading down.
There is a stone staircase leading down here.
Something hits you but does no damage. Something bites you.
Something draws strength from your injuries!
You climb downwards. 8 gargoyles and a war gargoyle come into view.
A gargoyle is wielding a mace of draining.
A gargoyle is wielding a mace of holy wrath.
There is a stone staircase leading up here.
As you read the scroll labeled DISMOL DYREMM, it crumbles to dust.
You feel strangely unstable.
It was a scroll of teleportation.
Something hits you!
* * * LOW HITPOINT WARNING * * *
Something bites you but does no damage.
The gargoyle hurls a stone arrow at you.
The stone arrow hits you!
You die...

### ###.###
###.....###
#9.......9#
##...8...##
#9.......9#
###.......####
#9....@.......
###.......####
#9.......9#
##...8..9##
#9........#
###.....###
###.### ###


You could see a war gargoyle (dormant) and 8 gargoyles.

Vanquished Creatures
  The ghost of Philogelos the Basher, a novice MiBe of Trog (D:8)
  A hill giant (D:12)
  The ghost of Paps the Gusty, a novice HEAE of Sif Muna (D:7)
  Grinder (D:3)
  Sigmund (D:2)
  A hungry ghost (D:12)
  Menkaure (D:6)
  Edmund (D:5)
  A soldier ant (D:12)
  4 orc warriors
  An ice beast (D:8)
  3 sky beasts
  A black bear (D:12)
  An ogre (D:5)
  2 phantoms (D:4)
  2 crocodiles
  A centaur (D:7)
  Blork the orc (D:6)
  6 big kobolds (Sewer)
  4 bullfrogs
  A scorpion (D:5)
  3 killer bees (D:8)
  A howler monkey (D:5)
  2 vampire bats (D:6)
  A bullfrog zombie (D:5)
  2 centaur zombies (Ossuary)
  2 crimson imps
  8 hounds
  A quasit (D:8)
  3 jellies
  Crazy Yiuf (D:6)
  2 bullfrog skeletons
  2 centaur skeletons
  3 orc priests
  Terence (D:2)
  A gnoll shaman (D:5)
  4 iguanas
  4 orc wizards
  6 worker ants
  2 big kobold zombies (Ossuary)
  4 mummies (Ossuary)
  A howler monkey zombie (D:5)
  8 gnolls
  2 river rats (Sewer)
  10 adders
  6 oozes
  An adder zombie (D:6)
  An adder skeleton (D:6)
  4 worms
  2 dart slugs (D:1)
  7 leopard geckos
  26 orcs
  6 giant cockroaches
  16 goblins
  9 hobgoblins
  11 kobolds
  5 quokkas
  3 ball pythons (Sewer)
  9 bats
  A frilled lizard (D:1)
  3 hobgoblin zombies (Ossuary)
  A leopard gecko skeleton (D:4)
  A leopard gecko zombie (D:5)
  A quokka skeleton (D:5)
  A quokka zombie (D:5)
  8 rats
232 creatures vanquished.

Vanquished Creatures (others)
  An orc (D:12)
1 creature vanquished.

Grand Total: 233 creatures vanquished

Notes
Turn   | Place    | Note
-------+----------+-------------------------------------------
     0 | D:1      | lorenzova the Deep Elf Conjurer began the quest for the Orb.
     0 | D:1      | Reached XP level 1. HP: 10/10 MP: 6/6
   408 | D:1      | Reached XP level 2. HP: 15/15 MP: 6/8
   836 | D:1      | Reached skill level 5 in Conjurations
  1043 | D:2      | Noticed Terence
  1063 | D:1      | Reached skill level 4 in Spellcasting
  1063 | D:1      | Reached XP level 3. HP: 19/19 MP: 5/10
  1111 | D:2      | You fall through a shaft for 2 floors!
  1128 | D:4      | Noticed a phantom
  1410 | D:4      | Reached XP level 4. HP: 5/24 MP: 2/12
  1794 | D:2      | Learned a level 4 spell: Iskenderun's Mystic Blast
  1811 | D:2      | Reached skill level 5 in Spellcasting
  2152 | D:2      | Killed Terence
  2152 | D:2      | Reached XP level 5. HP: 28/28 MP: 5/14
  2627 | D:2      | Noticed Sigmund
  2664 | D:2      | Killed Sigmund
  2664 | D:2      | Reached skill level 6 in Spellcasting
  2664 | D:2      | Reached XP level 6. HP: 32/32 MP: 1/17
  3048 | D:3      | Learned a level 5 spell: Iskenderun's Battlesphere
  3068 | D:3      | Noticed Grinder
  3181 | D:3      | Paralysed by Grinder for 2 turns
  3290 | D:3      | Killed Grinder
  3290 | D:3      | Reached skill level 7 in Spellcasting
  3290 | D:3      | Reached skill level 1 in Charms
  3290 | D:3      | Reached XP level 7. HP: 28/36 MP: 5/20
  4493 | D:4      | Reached skill level 8 in Spellcasting
  5032 | D:5      | Entered Level 5 of the Dungeon
  5173 | D:5      | Reached XP level 8. HP: 41/41 MP: 12/22
  5201 | D:5      | Noticed Edmund
  5274 | D:5      | Found a hazy altar of Hepliaklqana.
  5381 | D:5      | Found a glowing drain.
  5385 | Sewer    | Entered a sewer
  5462 | Sewer    | Reached skill level 9 in Spellcasting
  6053 | Sewer    | Reached skill level 5 in Charms
  6470 | D:5      | Reached skill level 10 in Spellcasting
  7127 | D:5      | Killed Edmund
  7127 | D:5      | Reached XP level 9. HP: 40/45 MP: 12/25
  7307 | D:6      | Noticed Menkaure
  7307 | D:6      | Killed Menkaure
  7437 | D:6      | Noticed Blork the orc
  7440 | D:6      | Killed Blork the orc
  7471 | D:6      | Reached skill level 11 in Spellcasting
  7482 | D:6      | Found a sand-covered staircase.
  7543 | Ossuary  | Entered an ossuary
  7549 | Ossuary  | Reached skill level 10 in Conjurations
  8167 | D:6      | Found Ituepres's Distillery.
  8170 | D:6      | Bought a potion of magic for 88 gold pieces
  8391 | D:6      | Found a runed door.
  8840 | D:6      | Noticed Crazy Yiuf
  8841 | D:6      | Killed Crazy Yiuf
  8905 | D:7      | Found a basalt altar of Yredelemnul.
  9024 | D:7      | Noticed Paps's ghost (novice HEAE)
  9034 | D:7      | Killed Paps's ghost
  9034 | D:7      | Reached skill level 12 in Spellcasting
  9373 | D:7      | Found an iron altar of Okawaru.
  9447 | D:7      | Found a staircase to the Ecumenical Temple.
  9906 | D:8      | Reached XP level 10. HP: 50/50 MP: 20/28
 10023 | D:8      | Found Hetag's Assorted Antiques.
 10026 | D:8      | Bought a colourful robe for 125 gold pieces
 10036 | D:8      | Identified the +0 robe of the Disturbing Runes {rC+ MR+ Dex+2} (You bought it in a shop on level 8 of the Dungeon)
 10184 | D:8      | Noticed Philogelos's ghost (novice MiBe)
 10191 | D:8      | Killed Philogelos's ghost
 10819 | Temple   | Entered the Ecumenical Temple
 10849 | Temple   | Became a worshipper of Vehumet
 11026 | D:9      | You fall through a shaft for 3 floors!
 11026 | D:12     | Found a staircase to the Orcish Mines.
 11029 | D:12     | Reached skill level 13 in Spellcasting
 11032 | D:12     | Noticed a hill giant
 11041 | D:12     | Killed a hill giant
 11056 | D:13     | Noticed a gargoyle
 11056 | D:13     | Noticed a gargoyle
 11056 | D:13     | Noticed a gargoyle
 11056 | D:13     | Noticed a gargoyle
 11056 | D:13     | Noticed a war gargoyle
 11056 | D:13     | Noticed a gargoyle
 11056 | D:13     | Noticed a gargoyle
 11056 | D:13     | Noticed a gargoyle
 11056 | D:13     | Noticed a gargoyle
 11057 | D:13     | Killed from afar by a gargoyle

Skill      XL: |  1  2  3  4  5  6  7  8  9 10 |
---------------+-------------------------------+-----
Conjurations   | 5 6 7 8 9 11 12 | 12.0
Spellcasting   | 4 5 6 7 8 10 12 13 | 13.4
Charms         | 1 4 5 7 9 |  9.1
Dodging        | |  2.4
Stealth        | |  2.4

Action                   |  1- 3 |  4- 6 |  7- 9 | 10-12 || total
-------------------------+-------+-------+-------+-------++-------
Melee: Dagger            |       |     6 |     1 |       ||     7
 Cast: Magic Dart        |    59 |    77 |   388 |    39 ||   563
       Iskenderun's Myst |       |    13 |    20 |    19 ||    52
       Iskenderun's Batt |       |       |    24 |     7 ||    31
  Use: Scroll            |       |       |     5 |     2 ||     7
       Potion            |       |       |       |     2 ||     2
  Eat: Chunk             |     1 |     7 |    20 |     2 ||    30
       Bread ration      |       |       |     1 |       ||     1
       Pizza             |       |       |     1 |       ||     1
Armor: Robe              |     2 |     1 |       |     2 ||     5
       Leather armour    |       |       |    20 |     9 ||    29
Dodge: Dodged            |     7 |    13 |    56 |    10 ||    86
